 Dungeon Crawl Stone Soup version 0.16-a0-2652-gd333f3b (console) character file.

180 utis the Cudgeler (level 5, -3/32 HPs)
             Began as a Kobold Fighter on Nov 23, 2014.
             Slain by Menkaure (18 damage)
             ... on level 4 of the Dungeon.
             The game lasted 00:08:18 (4875 turns).

utis the Cudgeler (Kobold Fighter)                  Turns: 4875, Time: 00:08:18

Health: -3/32      AC:  7    Str: 15    XL:     5   Next: 91%
Magic:  5/5        EV: 10    Int:  7    God:
Gold:   149        SH:  5    Dex: 15    Spells: 0 memorised, 4 levels left

rFire  . . .     SeeInvis .     a - +0 flail
rCold  . . .     Clarity  .     u - +0 scale mail
rNeg   . . .     SustAb   .     c - +0 buckler
rPois  .         Gourm    .     (no helmet)
rElec  .         Spirit   .     (no cloak)
rCorr  .         Warding  .     (no gloves)
rMut   .         Stasis   .     n - +0 pair of boots
MR     .....                    (no amulet)
Stlth  ..........               (no ring)
                                (no ring)

@: not resistant to hostile enchantments, extremely unstealthy
A: carnivore 3
a: no special abilities


You were on level 4 of the Dungeon.
You were very full.

You visited 1 branch of the dungeon, and saw 4 of its levels.

You collected 149 gold pieces.

Inventory:

Hand weapons
 a - a +0 flail (weapon)
 b - a +0 hunting sling
Missiles
 p - 134 stones (quivered)
 y - 22 sling bullets
Armour
 c - a +0 buckler (worn)
 n - a +0 pair of boots (worn)
 u - a +0 scale mail (worn)
Jewellery
 o - a +5 ring of dexterity {unknown}
Scrolls
 h - a scroll of identify
 i - 2 scrolls of remove curse
 k - a scroll of teleportation {unknown}
 m - 3 scrolls of fear {!r}
 s - a scroll of amnesia
 w - a scroll of magic mapping {unknown}
 x - a scroll of random uselessness {unknown}
Potions
 e - 2 potions of might
 f - 2 potions of curing
 j - 2 potions of restore abilities
 q - a potion of cancellation {unknown}
 r - a potion of haste {unknown}
 t - 2 potions of flight {unknown}
 v - a potion of brilliance {unknown}
Comestibles
 d - 3 meat rations
 g - a royal jelly
 l - a slice of pizza
 z - a chunk of flesh


   Skills:
 - Level 3.2 Fighting
 + Level 5.6 Maces & Flails
 - Level 2.4 Armour
 - Level 2.4 Shields


You had 4 spell levels left.
You didn't know any spells.

Dungeon Overview and Level Annotations

Branches:
Dungeon (4/15)
 Temple: D:4-7

Altars:
Nemelex Xobeh
Sif Muna
The Shining One

Annotations:
D:4 Menkaure


Innate Abilities, Weirdness & Mutations

You are small and have problems with some larger weapons.
You are carnivorous and can eat meat at any time.


Message History

Unknown command.
Menkaure shouts!
You sock Menkaure!
Menkaure is moderately damaged.
Menkaure hits you.
Your scale mail prevents you from hitting Menkaure.
Menkaure is moderately damaged.
You hit Menkaure.
Menkaure is heavily damaged.
Menkaure calls on the powers of darkness!
Your body is wracked with pain!
* * * LOW HITPOINT WARNING * * *
You sock Menkaure!
Menkaure is almost destroyed.
You block Menkaure's attack.
You barely miss Menkaure.
Menkaure is almost destroyed.
Menkaure hits you!!
Ouch! That really hurt!
You die...

▓▓..........▓..▓▓▓
▓▓▓.............▓▓
.............)....▓
......▓..▓..▓....▓.▓▓▓▓
.....▓▓..▓▓.....▓.▓....▓▓▓▓▓.
.............)........€.......
......................M>.......
.......▓......<▓M▓........▓▓.▓
▓...........▓▓K▓.▓▓▓▓.......▓
▓.▓.....▓▓<........▓ .€...▓.
...........<▓▓▓...............
▓..▓...▓......▓....▓▓▓..!....▓
▓......▓▓▓.▓.......... ......
▓..▓▓▓▓▓▓....▓▓....▓▓▓ .....
▓.................... ....
▓..▓.....▓▓▓▓▓▓▓..▓▓▓ ▓
..........▓ ▓▓▓▓


You could see Menkaure.

Vanquished Creatures
  A worker ant (D:4)
  Ijyb (D:3)
  5 adders
  A giant mite (D:3)
  2 giant geckos
  2 orcs
  14 bats
  6 giant cockroaches
  16 goblins
  11 hobgoblins
  7 kobolds
  3 quokkas
  6 giant newts
  11 rats
86 creatures vanquished.

Notes
Turn   | Place    | Note
--------------------------------------------------------------
     0 | D:1      | utis, the Kobold Fighter, began the quest for the Orb.
     0 | D:1      | Reached XP level 1. HP: 14/14 MP: 1/1
   162 | D:1      | Reached XP level 2. HP: 19/19 MP: 2/2
   770 | D:1      | Reached XP level 3. HP: 21/23 MP: 3/3
  1234 | D:2      | Found a glowing golden altar of the Shining One.
  1646 | D:2      | Reached skill level 4 in Maces & Flails
  1646 | D:2      | Reached XP level 4. HP: 6/28 MP: 4/4
  2742 | D:2      | Found a deep blue altar of Sif Muna.
  3079 | D:3      | Noticed an ogre
  3256 | D:3      | Reached XP level 5. HP: 30/32 MP: 5/5
  3396 | D:3      | Noticed Ijyb
  3412 | D:3      | Killed Ijyb
  3412 | D:3      | Reached skill level 5 in Maces & Flails
  3828 | D:3      | Found a sparkling altar of Nemelex Xobeh.
  4656 | D:4      | Noticed Menkaure
  4875 | D:4      | Slain by Menkaure

Action                   |  1- 3 |  4- 6 || total
-------------------------+-------+-------++-------
Melee: Flail             |   142 |   193 ||   335
 Fire: Hunting sling     |       |     2 ||     2
Throw: Stone             |       |     2 ||     2
  Use: Scroll            |     1 |     4 ||     5
  Eat: Chunk             |    10 |    10 ||    20
